 Dungeon Crawl Stone Soup version 0.21.1-1-g345015f (webtiles) character file.

191 Solrac the Magician (level 5, -4/28 HPs)
             Began as a Deep Elf Fire Elementalist on Feb 17, 2018.
             Was an Initiate of Gozag.
             Killed by divine providence
             ... invoked by an orc priest
              (9 damage)
             ... on level 3 of the Dungeon on Feb 18, 2018.
             The game lasted 00:27:15 (3875 turns).

Solrac the Magician (Deep Elf Fire Elementalist)    Turns: 3875, Time: 00:27:15

Health: -4/28      AC:  2    Str:  5    XL:     5   Next: 41%
Magic:  2/14       EV: 13    Int: 21    God:    Gozag
Gold:   282        SH:  0    Dex: 15    Spells: 5/13 levels left

rFire    . . .     SeeInvis .   c - +0 falchion
rCold    . . .     Gourm    .   (no shield)
rNeg     . . .     Faith    .   a - +0 robe
rPois    .         Spirit   .   (no helmet)
rElec    .         Reflect  .   (no cloak)
rCorr    .         Harm     .   (no gloves)
MR       .....                  (no boots)
Stlth    ++........             (no amulet)
HPRegen  0.09/turn              g - ring of flight
MPRegen  0.14/turn              (no ring)

@: gold aura, very slightly contaminated
A: no striking features
a: Potion Petition, Call Merchant, Bribe Branch, Renounce Religion, Evoke Flight


You were on level 3 of the Dungeon.
You worshipped Gozag.
Gozag was aware of your devotion.
You were not hungry.

You visited 1 branch of the dungeon, and saw 3 of its levels.

You collected 282 gold pieces.

Inventory:

Hand Weapons
 c - a +0 falchion (weapon)
 e - a +0 club
 i - a +1 antimagic trident
Missiles
 f - 112 stones (quivered)
Armour
 a - a +0 robe (worn)
 h - a +2 buckler
 j - a cursed +0 chain mail
Jewellery
 g - a ring of flight (left hand)
Wands
 k - a wand of paralysis (14)
Scrolls
 d - 2 scrolls of identify
Books
 b - a book of Flames

   Spells                             Type                      Level
   a - Flame Tongue                   Conjuration/Fire             1
   b - Throw Flame                    Conjuration/Fire             2
   c - Conjure Flame                  Conjuration/Fire             3
   d - Inner Flame                    Hexes/Fire                   3
   e - Sticky Flame                   Conjuration/Fire             4
   f - Fireball                       Conjuration/Fire             5
Comestibles
 l - a ration


   Skills:
 + Level 2.8 Dodging
 + Level 3.3 Stealth
 + Level 4.8 Spellcasting
 + Level 2.8 Conjurations
 + Level 4.7 Fire Magic


You had 5 spell levels left.
You knew the following spells:

 Your Spells              Type           Power        Failure   Level  Hunger
a - Flame Tongue          Conj/Fire      ###..        2%          1    None
b - Throw Flame           Conj/Fire      ###...       3%          2    None
c - Fireball              Conj/Fire      ###.......   54%         5    #####..


Dungeon Overview and Level Annotations

Branches:
Dungeon (3/15)

Altars:
Gozag
Nemelex Xobeh
Okawaru
Wu Jian
Xom


Message History

Casting: Flame Tongue
Confirm with . or Enter, or press ? or * to list all spells.
Aiming: Flame Tongue
Press: ? - help, Shift-Dir - straight line, f/p - orc priest
Aim: an orc priest, wielding a flail (heavily wounded)
The flame tongue hits the orc priest.
The orc priest is severely wounded.
The orc priest hits you with a flail!
* * * LOW HITPOINT WARNING * * *
The orc priest casts a cantrip, but nothing happens.
Casting: Flame Tongue
Confirm with . or Enter, or press ? or * to list all spells.
Aiming: Flame Tongue
Press: ? - help, Shift-Dir - straight line, f/p - orc priest
Aim: an orc priest, wielding a flail (severely wounded)
You miscast Flame Tongue.
Lukewarm flames ripple over your body.
The orc priest invokes the aid of Beogh against you.
Beogh smites you!
You die...
Your body crumbles into a pile of gold.

###.# # #.$.# _..
. #$#.##.⌠.⌠#.# #
#.#$oo.o.##.# #
#$###.#####.# ##
#o# ... .... ..
#o# ......# # #.#
#####.# # #@#
#.###### #.#
#.......
#.#########.######
#...........#
#############


You could see an orc priest and an orc.

Vanquished Creatures
  2 orc priests (D:3)
  6 adders
  A worm (D:2)
  3 dart slugs
  A leopard gecko (D:1)
  6 orcs (D:3)
  2 ball pythons
  8 giant cockroaches
  8 goblins
  4 hobgoblins (D:1)
  7 kobolds
  A quokka (D:2)
  6 bats (D:1)
  4 frilled lizards
  8 rats
67 creatures vanquished.

Notes
Turn   | Place    | Note
-------+----------+-------------------------------------------
     0 | D:1      | Solrac the Deep Elf Fire Elementalist began the quest for the Orb.
     0 | D:1      | Reached XP level 1. HP: 10/10 MP: 6/6
   166 | D:1      | Reached XP level 2. HP: 15/15 MP: 5/8
   317 | D:1      | Learned a level 2 spell: Throw Flame
   829 | D:1      | Reached XP level 3. HP: 19/19 MP: 3/9
  1659 | D:2      | Found a faded altar of an unknown god.
  1670 | D:2      | Became a worshipper of Gozag Ym Sagoz the Greedy
  1974 | D:2      | Reached XP level 4. HP: 21/24 MP: 1/11
  2483 | D:2      | Found an iron altar of Okawaru.
  2977 | D:2      | Found a shimmering altar of Xom.
  3455 | D:3      | Reached XP level 5. HP: 28/28 MP: 4/14
  3715 | D:3      | Learned a level 5 spell: Fireball
  3725 | D:3      | Found an ornate altar of the Wu Jian Council.
  3856 | D:3      | Found a sparkling altar of Nemelex Xobeh.
  3875 | D:3      | Killed from afar by an orc priest

Skill      XL: |  1  2  3  4  5 |
---------------+----------------+-----
Fire Magic     | 4 |  4.7
Stealth        | 3 |  3.3
Spellcasting   | 4 |  4.8
Conjurations   | 2 |  2.8
Dodging        | |  2.8

Action                   |  1- 3 |  4- 6 || total
-------------------------+-------+-------++-------
Melee: Unarmed           |     3 |       ||     3
       Club              |       |     1 ||     1
 Cast: Flame Tongue      |    53 |    29 ||    82
       Throw Flame       |    25 |    26 ||    51
  Use: Scroll            |     4 |       ||     4
       Potion            |     1 |     3 ||     4
  Eat: Chunk             |     3 |       ||     3
       Ration            |     1 |     1 ||     2
Armor: Robe              |     2 |     2 ||     4
Dodge: Dodged            |    12 |     3 ||    15
